 Dungeon Crawl Stone Soup version 0.29-a0-82-g837932c90e (webtiles) character file.

Game seed: 13350808691332588383

228 belegose the Skirmisher (level 5, -5/42 HPs)
             Began as a Demonspawn Cinder Acolyte on Feb 4, 2022.
             Was a High Priest of Ignis.
             Slain by Pikel (16 damage)
             ... on level 3 of the Dungeon.
             The game lasted 00:08:10 (4737 turns).

belegose the Skirmisher (Demonspawn Cinder Acolyte) Turns: 4737, Time: 00:08:10

Health: -5/42      AC:  3    Str: 15    XL:     5   Next: 71%
Magic:  6/6        EV: 11    Int: 15    God:    Ignis [*****.]
Gold:   128        SH:  4    Dex: 10    Spells: 6/6 levels left

rFire   + . .      SeeInvis .   b - +2 dagger (venom)
rCold   . . .      Faith    .   (no shield)
rNeg    . . .      Spirit   .   q - +0 robe
rPois   .          Reflect  .   (helmet restricted)
rElec   .          Harm     .   r - +0 cloak
rCorr   .          Rampage  .   (no gloves)
Will    .....                   (no boots)
Stlth   +.........              (no amulet)
HPRegen 0.14/turn               (no ring)
MPRegen 0.10/turn               (no ring)

@: no status effects
A: horns 1, foul stench 1, condensation shield
a: Renounce Religion, Fiery Armour, Foxfire Swarm, Rising Flame


You were on level 3 of the Dungeon.
You worshipped Ignis.
Ignis was extremely pleased with you.
You visited 1 branch of the dungeon, and saw 5 of its levels.

You collected 128 gold pieces.

Inventory:

Hand Weapons
 a - a -1 hand axe of flaming
 b - a +2 dagger of venom (weapon)
Missiles
 c - 33 stones
 h - 3 boomerangs (quivered)
 j - 49 bolts
Armour
 q - a +0 robe (worn)
 r - a +0 cloak (worn)
Jewellery
 k - a ring of magical power
Scrolls
 g - a scroll of summoning {unknown}
 l - a scroll of fear {unknown}
 n - 2 scrolls of identify {unknown}
 p - a scroll of teleportation {unknown}
 s - 3 scrolls of blinking {unknown}
 t - a scroll of magic mapping {unknown}
 u - a scroll of vulnerability {unknown}
 v - a scroll of immolation {unknown}
Potions
 d - a potion of lignification {unknown}
 e - a potion of brilliance {unknown}
 f - 2 potions of haste {unknown}
 i - a potion of degeneration {unknown}
 m - a potion of mutation {unknown}
 o - a potion of invisibility {unknown}
 w - a potion of curing {unknown}


   Skills:
 + Level 4.2 Fighting
 + Level 0.9 Short Blades
 - Level 3.6 Axes
 + Level 1.9 Throwing
 + Level 2.3 Armour
 - Level 1.0 Spellcasting
 - Level 2.6 Fire Magic


You had 6 spell levels left.
You didn't know any spells.
Your spell library contained the following spells:

 Spells                   Type           Power      Damage    Failure   Level
 Scorch                   Fire           16%        2d5       12%         2


Dungeon Overview and Level Annotations

Branches:
Dungeon (5/15)
 Temple: D:4-7

Altars:
Nemelex Xobeh
Xom

Shops:
D:2 :

Annotations:
D:3 Pikel
D:4 Sigmund


Innate Abilities, Weirdness & Mutations

You have a pair of small horns on your head.
You may rarely emit foul miasma when damaged in melee.
A meltable shield of frost defends you. (SH +4)


Message History

HP restored.
You climb downwards.
Level annotation: Pikel, Sigmund
There is a stone staircase leading up here.
Your -1 hand axe of flaming stops flaming.
Your +2 dagger of venom begins to drip with poison!
b - a +2 dagger of venom (weapon)
Pikel misses you.
You climb upwards.
There is a stone staircase leading down here.
Pikel barely misses you.
You barely miss Pikel.
Pikel hits you with a +0 whip of electrocution!
You closely miss Pikel. Your headbutt misses Pikel. Pikel barely misses you.
You barely miss Pikel. You headbutt Pikel, but do no damage.
Your punch misses Pikel. You block Pikel's attack.
You hit Pikel but do no damage.
Pikel is poisoned.
You headbutt Pikel.
Pikel is lightly wounded.
Pikel hits you with a +0 whip of electrocution.
Unknown command.
Throw: 3 boomerangs
Press: ? - help, Q - select action, (/) - cycle Shift-Dir - straight line, f - Pikel
Aim: Pikel, wielding a +0 whip of electrocution and wearing a +0 robe (moderately wounded, poisoned, 50% to hit)
You throw a boomerang. The boomerang hits Pikel.
Pikel is moderately wounded.
You closely miss Pikel. Your headbutt misses Pikel.
Pikel is moderately wounded.
Pikel hits you with a +0 whip of electrocution.
Unknown command.
You hit Pikel.
Pikel is heavily wounded.
Pikel looks more healthy.
Pikel hits you with a +0 whip of electrocution!
Pikel checks his coin pouch and frowns.
You hit Pikel.
Pikel is poisoned.
Your headbutt misses Pikel.
Pikel is heavily wounded.
Pikel hits you with a +0 whip of electrocution.
* * * LOW HITPOINT WARNING * * *
You are electrocuted!
You die...

#.#####.# #.....
#....##.# #.####
####.##.# #.#...
#.##.# #.#.## #.##.#
#.#.# #.##.#
####.#.## ####.##.#
#....#... #...K##.#
#....###.
#.#.@##.#####....###.
#.#..##>...........'.
#.#..##.####.....###.
#.#..##.# #.....# ##
#.#..##.# #.....#
#.#..##.####.....####
#.#........+.........
#.##.##.####.........
#....................


You could see Pikel (very poisoned).

Vanquished Creatures
  An ogre (D:5)
  2 lemures (D:3)
  4 gnolls (D:3)
  3 adders
  A worm (D:3)
  5 dart slugs
  4 orcs
  4 bats
  3 endoplasms
  3 giant cockroaches
  5 goblins (D:2)
  8 hobgoblins
  6 jackals
  4 kobolds
  A quokka (D:2)
  5 ball pythons
  A frilled lizard (D:1)
  5 rats
65 creatures vanquished.

Notes
Turn   | Place    | Note
-------+----------+-------------------------------------------
     0 | D:1      | belegose the Demonspawn Cinder Acolyte began the quest for
                  | the Orb.
     0 | D:1      | Reached XP level 1. HP: 18/18 MP: 2/2
   314 | D:1      | Gained mutation: You may rarely emit foul miasma when
                  | damaged in melee. [demonic ancestry]
   314 | D:1      | Reached XP level 2. HP: 18/24 MP: 3/3
   492 | D:1      | Reached skill level 1 in Armour
  1451 | D:2      | Gained mutation: You have a pair of small horns on your
                  | head. [demonic ancestry]
  1451 | D:2      | Reached XP level 3. HP: 25/29 MP: 4/4
  1739 | D:2      | You fall into a shaft and drop 2 floors!
  1739 | D:4      | Noticed Sigmund
  1752 | D:5      | Entered Level 5 of the Dungeon
  1755 | D:5      | Noticed an ogre
  1761 | D:5      | Found a shimmering altar of Xom.
  1777 | D:5      | Killed an ogre
  1778 | D:5      | Reached skill level 1 in Throwing
  1778 | D:5      | Gained mutation: A meltable shield of frost defends you.
                  | (SH +4) [demonic ancestry]
  1778 | D:5      | Reached XP level 4. HP: 21/37 MP: 5/5
  2134 | D:2      | Found Veihises's Book Shoppe.
  2186 | D:2      | Reached skill level 4 in Fighting
  2186 | D:2      | Reached XP level 5. HP: 42/42 MP: 6/6
  2568 | D:2      | Found a faded altar of an unknown god.
  3732 | D:3      | Found a sparkling altar of Nemelex Xobeh.
  4292 | D:4      | Noticed Pikel
  4292 | D:4      | Noticed a lemure
  4292 | D:4      | Noticed a lemure
  4309 | D:3      | Killed a lemure
  4462 | D:3      | Killed a lemure
  4737 | D:3      | Slain by Pikel

Illustrated notes

Levels and vault maps discovered:
D:1:      dpeg_arrival_concentric_ovals, layout_loops_ring,
          chequers_serial_rivers_room_a
D:2:      layout_basic, serial_shops, nicolae_diamond_shop,
          shapermc_ecumenical_altar_ellora
D:3:      layout_basic, nemelex_xobeh_ov_fountains_minmay
D:4:      layout_loops_ring, minmay_temple_entry_drinking_statues, uniq_pikel,
          uniq_duvessa, uniq_natasha, uniq_ijyb, uniq_sigmund
D:5:      layout_basic, minitemple, gammafunk_ghost_smash,
          kennysheep_minor_cross, chequers_serial_rivers_large_b,
          roderic_three_in_a_row

Skill      XL: |  1  2  3  4 |
---------------+-------------+-----
Axes           | 3 |  3.6
Armour         | 1 2 |  2.3
Throwing       | 1 |  1.9
Fighting       | 4 |  4.2
Short Blades   | |  0.9
Spellcasting   | |  1.0
Fire Magic     | |  2.6

Action                   |  1- 3 |  4- 6 || total
-------------------------+-------+-------++-------
Melee: Hand axe          |    70 |    82 ||   152
       Headbutt          |     4 |    27 ||    31
       Punch             |       |     4 ||     4
       Dagger            |       |    60 ||    60
Throw: Boomerang         |       |     1 ||     1
Invok: Fiery Armour      |     1 |       ||     1
 Stab: Sleeping          |       |     1 ||     1
Armor: Robe              |     6 |    24 ||    30
Dodge: Dodged            |    40 |    61 ||   101
Block: Other             |       |    17 ||    17

Table legend: (Time is in decaauts)
 A = Elapsed time spent in this place.
 B = Non-inter-level travel time spent in this place.
 C = Inter-level travel time spent in this place.
 D = Time resting spent in this place.
 E = Time spent auto-exploring this place.
 F = Levels seen in this place.
 G = Mean time per level.
                   A        B        C        D        E       F      G
               +--------+--------+--------+--------+--------+-----+--------+
         Total |   4767 |   4442 |    325 |    842 |   2648 |   5 |  953.4 |
       Dungeon |   4767 |   4442 |    325 |    842 |   2648 |   5 |  953.4 |
               +--------+--------+--------+--------+--------+-----+--------+

Top non-repeatable levels by time:
     D:2: 1842 daAuts
     D:3: 1447 daAuts
     D:1: 1336 daAuts
     D:5: 79 daAuts
     D:4: 60 daAuts
